cohdb
Replays
Latest Replays
All Replays
Popular Replays
Top Player Replays
Match Explorer
How It Works
Community
CoH3 Stats
Reddit
Sign in to upload your games and track your stats! →
Sign in with Steam
Match 45229952
Unlisted
Match 45229952
Overview
Messages
Build Orders
End
Royal Engineer Section
Royal Engineer Section
Construct Section Command Post
Dingo Light Scout Car
Infantry Section
Grenade Package
Infantry Section
Construct Platoon Command Post
CMP 15cwt Truck
Selects Indian Artillery Battlegroup
Selects Artillery Saturation
Selects Off-map Airburst Barrage
Construct Company Command Post
Unlock M3 Grant Medium Tanks
Selects BL5.5 Artillery Emplacement
M3 Grant Medium Tank
M3 Grant Medium Tank
Off-map Airburst Barrage
Armored Vehicle Training
Forward Retreat Point
Off-map Airburst Barrage
M3 Grant Medium Tank
Selects Valour
Selects Gurkha Rifles Section
Selects Pillage
Gurkha Rifles Section
[PD] PragerSchinken
rain
[OldMetal]Mario
Воин вацапа
Hk
simiver
ionwood
汪精卫
0
0
Comments
sign in to comment!
No comments posted yet!